 Dungeon Crawl Stone Soup version 0.24.0-125-gc4c63601f3 (webtiles) character file.

Game seed: 12812916453035990062, levelgen mode: deterministic

2102 Jerry the Cudgeler (level 9, -5/48 HPs)
             Began as a Vine Stalker Chaos Knight on Feb 26, 2020.
             Was a Plaything of Xom.
             Slain by a gnoll
             ... wielding a +2 halberd of electrocution
              (8 damage)
             ... in a bailey.
             The game lasted 00:34:51 (6567 turns).

Jerry the Cudgeler (Vine Stalker Chaos Knight)      Turns: 6567, Time: 00:34:54

Health: -5/48      AC:  8    Str: 17    XL:     9   Next: 28%
Magic:  0/10       EV: 11    Int: 12    God:    Xom [.*....]
Gold:   232        SH:  0    Dex: 11    Spells: 8/8 levels left

rFire    . . .     SeeInvis .   q - +1 war axe (elec)
rCold    + . .     Gourm    .   (no shield)
rNeg     . . .     Faith    .   b - +2 leather armour
rPois    .         Spirit   +   (helmet restricted)
rElec    .         Reflect  .   (no cloak)
rCorr    .         Harm     .   D - +0 pair of gloves
MR       +....                  (no boots)
Stlth    +.........             (no amulet)
HPRegen  0.56/turn              r - ring of protection from cold
MPRegen  0.12/turn              (no ring)

@: no status effects
A: antennae 1, fangs 3, slimy green scales 1, clumsy 1, regeneration 1, weak 1,
magic shield, antimagic bite, no potion heal 3, rot immunity
a: Renounce Religion


You were in a bailey.
You worshipped Xom.
You were a plaything of Xom.
You were not hungry.

You visited 1 branch of the dungeon, and saw 7 of its levels.
You also visited: Bailey.

You collected 232 gold pieces.

Inventory:

Hand Weapons
 a - a +0 mace of chaos
 d - a +0 whip
 q - a +1 war axe of electrocution (weapon)
 s - a +0 broad axe
Missiles
 f - a throwing net (quivered)
Armour
 b - a +2 leather armour (worn)
 k - a +0 plate armour
 w - a +0 shield
 z - a +0 buckler
 D - a +0 pair of gloves (worn)
Jewellery
 r - a ring of protection from cold (left hand)
 y - an uncursed ring of fire
Wands
 m - a wand of disintegration (3)
 A - a wand of enslavement (10)
 C - a wand of flame (25)
Scrolls
 i - 4 scrolls of teleportation
 l - a scroll of fear {unknown}
 n - a scroll of enchant armour {unknown}
 o - a scroll of fog {unknown}
 p - 3 scrolls of remove curse
 t - 2 scrolls of identify
 x - 2 scrolls of vulnerability
 B - a scroll of immolation
 E - a scroll of enchant weapon {unknown}
Potions
 e - a potion of resistance
 g - a potion of brilliance
 h - 3 potions of lignification
 j - a potion of magic
 u - 2 potions of ambrosia
 v - 3 potions of curing {unknown}
Comestibles
 c - 12 rations
 F - 12 chunks of flesh


   Skills:
 - Level 5.8 Fighting
 + Level 5.0(6.5) Axes
 - Level 6.3(7.2) Maces & Flails
 - Level 4.9 Armour
 - Level 0.7 Dodging
 + Level 2.1 Shields


You had 8 spell levels left.
You didn't know any spells.
Your spell library contained the following spells:

 Spells                   Type           Power        Failure   Level  Hunger
 Confusing Touch          Hex            #.....       36%         1    ##.....
 Confuse                  Hex            #.......     75%         3    ####...
 Gell's Gravitas          Tloc           #.........   75%         3    ####...
 Petrify                  Tmut/Erth      #.......     98%         4    #####..
 Metabolic Englaciation   Hex/Ice        #.........   100%        5    ######.
 Yara's Violent Unravell  Hex/Tmut       #.........   100%        5    ######.


Dungeon Overview and Level Annotations

Branches:
Dungeon (7/15)             Temple (0/1) D:6          Bailey (1/1)

Altars:
Cheibriados
Fedhas
Kikubaaqudgha
Qazlal
Vehumet

Shops:
D:6 (

Annotations:
D:5 2 runed translucent doors, releu's ghost, novice HOFi


Innate Abilities, Weirdness & Mutations

You have razor-sharp teeth.
Your natural rate of healing is unusually fast.
When hurt, damage is shared between your health and your magic reserves.
Your bite disrupts and absorbs the magic of your enemies.
Potions cannot restore your health.
You are immune to rotting.
You have a pair of small antennae on your head.
You are partially covered in slimy green scales. (AC +2)
You are clumsy. (Dex -2)
You are weak. (Str -2)


Message History

* * * LOW HITPOINT WARNING * * *
You closely miss the gnoll.
The gnoll is lightly wounded.
You barely miss the kobold. The gnoll closely misses you.
The kobold barely misses you. The gnoll misses you.
You hit the gnoll. Your bite misses the gnoll.
The gnoll is moderately wounded.
You hit the kobold but do no damage. Lightning courses through the kobold!
You kill the kobold!
The gnoll closely misses you. The gnoll hits you but does no damage.
The gnoll closely misses you.
Things that are here:
7 boomerangs; a kobold corpse; a hobgoblin corpse You slash the gnoll!
The gnoll is heavily wounded.
You slash the gnoll! The gnoll hits you with a +0 halberd!
* * * LOW HITPOINT WARNING * * *
Xom roars with laughter!
The gnoll hits you with a +2 halberd of electrocution!
You die...

#K# # #g#{ { #' ##
#### ### ### #.# #.
#.#)###.###.#
#'##'##' ##'##'##'##
#.....# ##.....##
###.....#####.....###
#.'..g..'.#.'..∩.('.#
#...@)# ###...((###
#...g(## ##...(.##
#'##'##(###'##'##'##
#. #. ##())###.###∩#
## ##### ### ###


You could see 2 gnolls.

Vanquished Creatures
  2 ice beasts
  3 ogres
  2 phantoms (D:6)
  2 centaurs
  2 bullfrogs (D:7)
  Blork the orc (D:6)
  A scorpion (D:6)
  A howler monkey (D:4)
  A quasit (D:5)
  2 jellies
  A bullfrog zombie (D:6)
  A centaur skeleton (D:4)
  3 orc priests
  A hound (D:7)
  4 orc wizards
  A bullfrog skeleton (D:6)
  2 iguanas
  Jessica (D:3)
  4 worker ants
  A statue (D:4)
  10 gnolls
  A howler monkey skeleton (D:4)
  9 adders
  2 oozes
  4 worms
  5 dart slugs
  3 leopard geckos
  11 orcs
  A ball python (D:4)
  A giant cockroach (D:1)
  14 goblins
  18 hobgoblins
  7 jackals
  11 kobolds
  A quokka (D:4)
  11 bats
  4 frilled lizards
  A goblin zombie (D:4)
  2 quokka skeletons
  9 rats
  A rat zombie (D:4)
162 creatures vanquished.

Vanquished Creatures (collateral kills)
  Eustachio (D:5)
  2 adders (D:3)
  A hobgoblin (D:3)
  A quokka (D:2)
5 creatures vanquished.

Vanquished Creatures (others)
  An ice beast (D:3)
1 creature vanquished.

Grand Total: 168 creatures vanquished

Notes
Turn   | Place    | Note
-------+----------+-------------------------------------------
     0 | D:1      | Jerry the Vine Stalker Chaos Knight began the quest for the
                  | Orb.
     0 | D:1      | Reached XP level 1. HP: 11/11 MP: 2/2
   316 | D:1      | XOM: mild Pois miscast
   547 | D:1      | Reached skill level 3 in Maces & Flails
   547 | D:1      | Reached XP level 2. HP: 16/16 MP: 3/3
   767 | D:1      | XOM: harmless Tloc miscast
   804 | D:1      | XOM: harmless Hex miscast
   810 | D:1      | XOM: cloud trail
   878 | D:1      | XOM: cast spell 'Summon Small Mammal'
   894 | D:1      | Reached XP level 3. HP: 5/20 MP: 2/4
  1051 | D:1      | XOM: divination: magic mapping
  1178 | D:2      | You fall into a shaft and drop 2 floors!
  1186 | D:4      | Noticed an ogre
  1201 | D:4      | XOM: confuse monster(s)
  1206 | D:4      | Noticed an ice beast
  1212 | D:4      | XOM: harmless Ice miscast
  1228 | D:4      | XOM: summons 2 friendly demons
  1867 | D:2      | XOM: divination: magic mapping
  1997 | D:2      | XOM: confusion (+ monsters)
  2009 | D:2      | Gained mutation: Your natural rate of healing is unusually
                  | fast. [Vine Stalker growth]
  2009 | D:2      | Reached XP level 4. HP: 22/24 MP: 3/5
  2102 | D:2      | XOM: medium Air miscast
  2174 | D:2      | XOM: divination: magic mapping
  2234 | D:2      | XOM: medium Ice miscast
  2502 | D:3      | Reached skill level 4 in Maces & Flails
  2561 | D:3      | Noticed Jessica
  2564 | D:3      | Reached XP level 5. HP: 28/28 MP: 6/6
  2567 | D:3      | Killed Jessica
  2946 | D:3      | XOM: give mutations
  2946 | D:3      | Gained mutation: You are partially covered in slimy green
                  | scales. (AC +2) [Xom's grace]
  2946 | D:3      | Gained mutation: You have a pair of small antennae on your
                  | head. [Xom's grace]
  3000 | D:3      | XOM: harmless Ice miscast
  3031 | D:3      | XOM: god gift: scroll labeled GOIBRE TYCALURCH {god gift}
  3212 | D:3      | Killed an ice beast
  3212 | D:3      | XOM: divine lightning
  3284 | D:4      | XOM: butterfly on damage
  3376 | D:4      | Reached XP level 6. HP: 31/33 MP: 7/7
  3508 | D:4      | Reached skill level 5 in Maces & Flails
  3558 | D:4      | XOM: cast spell 'Dispersal'
  3631 | D:4      | Found a snail-covered altar of Cheibriados.
  3769 | D:4      | XOM: god gift: war axe {god gift}
  3836 | D:4      | Found a radiant altar of Vehumet.
  3903 | D:4      | Found an ancient bone altar of Kikubaaqudgha.
  3971 | D:4      | Reached XP level 7. HP: 36/37 MP: 8/8
  4076 | D:4      | Found a blossoming altar of Fedhas.
  4306 | D:5      | Entered Level 5 of the Dungeon
  4308 | D:5      | Found a runed translucent door.
  4310 | D:5      | Noticed releu's ghost (novice HOFi)
  4344 | D:5      | XOM: 1-stop teleportation journey
  4346 | D:5      | Noticed Eustachio
  4699 | D:5      | XOM: harmless Tmut miscast
  4768 | D:5      | XOM: polymorph crimson imp -> quasit
  4904 | D:5      | XOM: harmless Pois miscast
  4950 | D:5      | Found a runed translucent door.
  5094 | D:5      | Reached skill level 6 in Maces & Flails
  5138 | D:5      | XOM: give mutations
  5138 | D:5      | Gained mutation: Your body sometimes deteriorates upon
                  | taking damage. [Xom's mischief]
  5138 | D:5      | Gained mutation: You are weak. (Str -2) [Xom's mischief]
  5138 | D:5      | Gained mutation: You are clumsy. (Dex -2) [Xom's mischief]
  5138 | D:5      | Lost mutation: Your body sometimes deteriorates upon taking
                  | damage. [Xom's mischief]
  5292 | D:5      | Gained mutation: You have razor-sharp teeth. [Vine Stalker
                  | growth]
  5292 | D:5      | Reached XP level 8. HP: 42/42 MP: 9/9
  5407 | D:5      | XOM: god gift: 19 stones
  5416 | D:5      | Killed Eustachio
  5416 | D:5      | Reached skill level 1 in Axes
  5565 | D:6      | XOM: harmless Tmut miscast
  5571 | D:6      | Found a stormy altar of Qazlal.
  5587 | D:6      | Reached skill level 5 in Fighting
  5633 | D:6      | Noticed Blork the orc
  5636 | D:6      | Killed Blork the orc
  5738 | D:6      | XOM: medium Ice miscast
  5801 | D:6      | XOM: confusion (+ monsters)
  5960 | D:6      | Reached XP level 9. HP: 47/48 MP: 8/10
  6074 | D:6      | XOM: harmless Necr miscast
  6159 | D:6      | Found a staircase to the Ecumenical Temple.
  6162 | D:6      | XOM is BORED!
  6250 | D:6      | Found Faopowim's Weapon Shoppe.
  6388 | D:7      | XOM: confusion (+ monsters)
  6396 | D:7      | XOM: mild Hex miscast
  6400 | D:7      | Reached skill level 1 in Shields
  6462 | D:7      | Found a flagged portal.
  6481 | Bailey   | Entered a bailey
  6561 | Bailey   | Reached skill level 5 in Axes
  6567 | Bailey   | Slain by a gnoll

Levels and vault maps discovered:
D:1:      dpeg_arrival_round_c, layout_basic
D:2:      cheibrodos_old_hovel, layout_loops_ring, kennysheep_cross_room
D:3:      layout_basic, first_ration, uniq_jessica
D:4:      layout_loops_ring, lemuel_round_altar, kennysheep_slug_shrine,
          fedhas_altar_2, vehumet_statue, cheibrodos_sewer_entry_bend,
          enter_ossuary_4, minmay_joined_circles
D:5:      layout_cave_pods, ebering_ghost_sewer_f, uniq_eustachio
D:6:      layout_loops_ring, temple_hall, serial_shops, kennysheep_mini_moat,
          basic_altar, uniq_blork_the_orc
D:7:      layout_rooms, enter_bailey_7, grunt_ogre_cave
Bailey:   bailey_axe_2, bailey

Skill      XL: |  1  2  3  4  5  6  7  8  9 |
---------------+----------------------------+-----
Maces & Flails | 3 4 5 6 |  6.3
Fighting       | 3 4 5 |  5.8
Armour         | 2 3 4 |  4.9
Axes           | 4 5 |  5.0
Shields        | 2 |  2.1
Dodging        | |  0.7

Action                   |  1- 3 |  4- 6 |  7- 9 || total
-------------------------+-------+-------+-------++-------
Melee: Mace              |    97 |   174 |    97 ||   368
       Bite              |    23 |    52 |    57 ||   132
       War axe           |       |       |   156 ||   156
Evoke: Wand              |       |     1 |       ||     1
  Use: Potion            |     2 |     3 |       ||     5
       Scroll            |       |     6 |     7 ||    13
 Stab: Sleeping          |     2 |       |       ||     2
       Petrified         |     1 |       |       ||     1
       Petrifying        |       |     1 |       ||     1
       Paralysed         |       |     2 |     1 ||     3
       Confused          |       |       |     3 ||     3
  Eat: Chunk             |     3 |     7 |     5 ||    15
       Ration            |       |       |     1 ||     1
Armor: Leather armour    |    43 |    48 |   137 ||   228
       Skin              |     1 |       |       ||     1
Dodge: Dodged            |    54 |    95 |   211 ||   360
